 Dungeon Crawl Stone Soup version 0.30-a0-390-g80c34de65d (webtiles) character file.

Game seed: 3656228820316968250

5334 lesbiats the Grappler (level 10, -21/100 HPs)
             Began as a Troll Fighter on Dec 1, 2022.
             Was a Follower of Wu Jian.
             Killed from afar by Erica (22 damage)
             ... with a lance of force
             ... on level 9 of the Dungeon on Dec 5, 2022.
             The game lasted 00:30:32 (7345 turns).

lesbiats the Grappler (Troll Fighter)               Turns: 7345, Time: 00:30:32

Health: -21/100    AC:  7    Str: 26    XL:     10   Next: 38%
Magic:  18/18      EV: 10    Int:  8    God:    Wu Jian [*.....]
Gold:   201        SH:  8    Dex:  9    Spells: 9/9 levels left

rFire   . . .      SeeInvis .      - Unarmed
rCold   . . .      Faith    .    b - +0 kite shield
rNeg    . . .      Spirit   .    D - +0 steam dragon scales
rPois   .          Reflect  .    (helmet restricted)
rElec   .          Harm     .    (no cloak)
rCorr   .          Rampage  .    (gloves unavailable)
Will    .....                    (boots unavailable)
Stlth   +.........               (no amulet)
HPRegen 1.16/turn                F - ring of magical power
MPRegen 0.16/turn                (no ring)

@: marked, hasted and slowed, invisible
A: large, unfitting armour, claws 3, regeneration 1, shaggy fur 1, tough skin 1
a: Renounce Religion


You were on level 9 of the Dungeon.
You worshipped Wu Jian.
Wu Jian was aware of your devotion.
You visited 2 branches of the dungeon, and saw 10 of its levels.
You also visited: Sewer.

You collected 505 gold pieces.
You spent 304 gold pieces at shops.

Inventory:

Hand Weapons
 j - a +1 rapier of flaming
Missiles
 e - 18 poisoned darts (quivered)
 v - 2 boomerangs
 A - 3 atropa-tipped darts
Armour
 a - a +0 robe
 b - a +0 kite shield (worn)
 D - +0 steam dragon scales (worn)
 E - a +1 robe of fire resistance
Jewellery
 x - a ring of ice
 F - a ring of magical power (left claw)
Wands
 k - a wand of flame (10)
 n - a wand of paralysis (6)
 o - a wand of mindburst (5)
Scrolls
 f - 6 scrolls of teleportation
 i - 5 scrolls of fear
 m - 4 scrolls of magic mapping
 p - a scroll of torment {unknown}
 r - a scroll of immolation {unknown}
 s - a scroll of acquirement {unknown}
 u - a scroll of blinking {unknown}
 y - a scroll of amnesia {unknown}
 z - a scroll of enchant armour {unknown}
 B - 3 scrolls of summoning
 C - a scroll of poison {unknown}
Potions
 c - 2 potions of might
 d - 6 potions of curing
 h - 4 potions of mutation
 l - a potion of berserk rage {unknown}
 q - a potion of heal wounds
 t - a potion of haste
 w - a potion of invisibility
 G - a potion of brilliance {unknown}
 H - a potion of attraction {unknown}
 I - a potion of lignification


   Skills:
 + Level 6.6 Fighting
 + Level 5.8 Dodging
 + Level 6.4 Shields
 * Level 10.5 Unarmed Combat


You had 9 spell levels left.
You didn't know any spells.
Your spell library contained the following spells:

 Spells                   Type           Power      Damage    Failure   Level
 Yara's Violent Unravell  Hex/Tmut       0%         3d3       100%        5
 Enfeeble                 Hex            0%         N/A       100%        7


Dungeon Overview and Level Annotations

Branches:
Dungeon (9/15)             Temple (1/1) D:6           Sewer (visited)
   Lair: D:8-11         Orc: D:9-12

Altars:
Ashenzari
Cheibriados
Dithmenos
Elyvilon
Fedhas
Gozag
Hepliaklqana
Kikubaaqudgha
Makhleb
Okawaru
Qazlal
Ru
Sif Muna
Trog
Uskayaw
Vehumet
Wu Jian
Xom
Yredelemnul
Zin
The Shining One

Shops:
D:8 *

Annotations:
D:7 1 runed translucent door, bakla's ghost, novice DjHW
D:9 Erica; Harold


Innate Abilities, Weirdness & Mutations

You are too large for most types of armour.
You have claws for hands.
Your natural rate of healing is unusually fast.
You are covered in fur. (AC +1)
You have tough skin. (AC +1)


Message History

Harold throws a throwing net.
You block the throwing net. Something hits you! Something burns you.
You feel yourself speed up. Something hits you! Something burns you.
Harold casts a spell at you.
You fade into invisibility!
Something hits you!
* * * LOW HITPOINT WARNING * * *
Something burns you.
* * * LOW HITPOINT WARNING * * *
A howler monkey comes into view.
Harold throws a throwing net.
The throwing net hits you.
You become entangled in the net!
You see here a throwing net.
You struggle against the net.
The howler monkey hoots and howls with incredible vigour!
A howler monkey comes into view.
Something hits you!
* * * LOW HITPOINT WARNING * * *
Something burns you.
* * * LOW HITPOINT WARNING * * *
You hear a croak.
You hear an angry hiss.
You hear a shout! x3
You feel much better. Harold fires a harpoon shot at you.
The harpoon shot hits something.
Something hits you! Something burns you.
You struggle against the net.
Something hits you. Something burns you.
* * * LOW HITPOINT WARNING * * *
You rip the net and break free!
Something hits you!
* * * LOW HITPOINT WARNING * * *
Something burns you.
* * * LOW HITPOINT WARNING * * *
You spin and attack Harold.
You scratch Harold but do no damage.
The howler monkey hoots and howls with incredible vigour!
Harold hits you with a +2 hand axe of electrocution!
* * * LOW HITPOINT WARNING * * *
You are electrocuted!
* * * LOW HITPOINT WARNING * * *
You hear some strange, mumbled words.
A lance of force appears from out of thin air!
The lance of force hits you!!
You die...

#.# #.†###~≈≈ #. ##.#
#.#...#~≈ #.# #..###.#.⌠.#
. ###.#### #.##...#...#
......(# #.##.#..###..
.......# #(#...........
.......#
#######{o.#....###.##
.......####.h..h.@########
. ............####@.#
...)...###### #.##
####.### #.# ####.# #.#
.....# #.# .##### #+#
########## .........#
.........#


You could see Harold (unable to see you), 2 howler monkeys and an orc (unable to
see you).

Vanquished Creatures
  A two-headed ogre (D:8)
  A hornet (D:8)
  Sigmund (D:3)
  A shadow (D:7)
  4 yaks
  A wraith (D:7)
  2 steam dragons
  2 orc warriors (D:7)
  2 sky beasts
  2 black bears
  2 centaurs
  An ogre (D:4)
  2 phantoms
  2 kobold brigands (Sewer)
  4 bullfrogs
  A necrophage (D:5)
  A gnoll sergeant (D:8)
  3 scorpions
  11 wights
  2 electric eels (D:9)
  4 hounds
  2 jellies
  3 orc priests
  2 gnoll boudas
  Terence (D:2)
  2 iguanas (D:5)
  9 orc wizards
  14 gnolls
  2 river rats (D:3)
  10 adders
  A shadow imp (D:8)
  2 ufetubi
  2 worms
  2 dart slugs
  28 orcs
  4 endoplasms
  3 giant cockroaches
  6 goblins
  A hobgoblin (D:1)
  3 jackals (D:4)
  5 quokkas
  8 ball pythons
  12 bats
  6 frilled lizards
  13 kobolds
  13 rats
204 creatures vanquished.

Vanquished Creatures (others)
  9 plants
9 creatures vanquished.

Grand Total: 213 creatures vanquished

Notes
Turn   | Place    | Note
-------+----------+-------------------------------------------
     0 | D:1      | lesbiats the Troll Fighter began the quest for the Orb.
     0 | D:1      | Reached XP level 1. HP: 22/22 MP: 0/0
   174 | D:1      | Found a faded altar of an unknown god.
   179 | D:1      | Reached XP level 2. HP: 28/29 MP: 1/1
   679 | D:2      | Noticed Terence
   840 | D:2      | Reached XP level 3. HP: 35/36 MP: 2/2
   921 | D:2      | Killed Terence
   922 | D:2      | Reached skill level 3 in Unarmed Combat
  1177 | D:3      | Reached XP level 4. HP: 45/45 MP: 3/3
  1306 | D:3      | Reached skill level 4 in Unarmed Combat
  1319 | D:3      | Found a glowing drain.
  1353 | Sewer    | Entered a sewer
  1378 | Sewer    | Noticed a kobold brigand
  1384 | Sewer    | Killed a kobold brigand
  1385 | Sewer    | Reached XP level 5. HP: 41/53 MP: 4/4
  1568 | Sewer    | Reached skill level 5 in Unarmed Combat
  1568 | Sewer    | Reached XP level 6. HP: 50/62 MP: 5/5
  1935 | D:3      | Noticed Sigmund
  2129 | D:4      | Reached skill level 6 in Unarmed Combat
  2129 | D:4      | Reached XP level 7. HP: 64/70 MP: 6/6
  2670 | D:5      | Entered Level 5 of the Dungeon
  3193 | D:5      | Reached XP level 8. HP: 77/79 MP: 7/7
  3196 | D:5      | Reached skill level 7 in Unarmed Combat
  3771 | D:6      | Reached skill level 5 in Fighting
  3792 | D:6      | Found a staircase to the Ecumenical Temple.
  3959 | D:7      | Reached skill level 8 in Unarmed Combat
  4102 | D:7      | Reached XP level 9. HP: 43/88 MP: 8/8
  4182 | D:7      | Reached skill level 5 in Shields
  4284 | D:7      | Found a runed translucent door.
  4288 | D:7      | Noticed bakla's ghost (novice DjHW)
  4294 | D:7      | Found a stormy altar of Qazlal.
  4347 | D:7      | Identified the +1 ring mail of the Elven Halls {Int+4
                  | Dex+5}
  4747 | Temple   | Entered the Ecumenical Temple
  4969 | D:7      | Found a shadowy altar of Dithmenos.
  5001 | D:7      | Found an ornate altar of the Wu Jian Council.
  5005 | D:7      | Became a worshipper of the Wu Jian Council
  5016 | D:7      | Found a glowing golden altar of the Shining One.
  5072 | D:7      | Reached skill level 9 in Unarmed Combat
  5105 | D:7      | Reached skill level 5 in Dodging
  5465 | D:3      | Killed Sigmund
  5604 | D:8      | Noticed a two-headed ogre
  5670 | D:8      | Found Herphigue's General Store.
  5674 | D:8      | Bought 2 potions of curing for 96 gold pieces
  5674 | D:8      | Bought a scroll of fear for 64 gold pieces
  5674 | D:8      | Bought a potion of heal wounds for 80 gold pieces
  5674 | D:8      | Bought a scroll of fear for 64 gold pieces
  5804 | D:7      | Upgraded the game from 0.30-a0-377-g5cb311bc9f to
                  | 0.30-a0-390-g80c34de65d
  6309 | D:8      | Paralysed by a hornet for 2 turns
  6337 | D:8      | Reached XP level 10. HP: 92/98 MP: 9/9
  6397 | D:8      | Reached * piety under Wu Jian
  6418 | D:8      | Reached skill level 10 in Unarmed Combat
  6754 | D:8      | Killed a two-headed ogre
  6847 | D:8      | Found a white marble altar of Elyvilon.
  7313 | D:9      | Noticed Erica
  7313 | D:9      | Noticed Harold
  7345 | D:9      | HP: 1/100 [Harold/+2 hand axe of electrocution (12)]
  7345 | D:9      | Killed from afar by Erica

Illustrated notes

Levels and vault maps discovered:
D:1:      roderic_crop_circles_arrival_small, layout_basic,
          hellmonk_ecumenical_altar_pennies_from_heaven
D:2:      layout_rooms, uniq_terence
D:3:      layout_rooms, lightli_sewer_entry_pipes, uniq_sigmund
D:4:      layout_gridville
D:5:      layout_rooms
D:6:      layout_gridville, minmay_temple_entry_from_below_b
D:7:      layout_loops_ring, mainiacjoe_overflow_alcove_1,
          grunt_dithmenos_smoke, mainiacjoe_overflow_swirl,
          ebering_ghost_reflecting_pool
D:8:      layout_cave_pools, elyvilon_altar_1, serial_shops,
          nicolae_shop_hallway_stairs, minmay_between
D:9:      layout_roguey, fountainhead, uniq_harold, uniq_erica, uniq_pikel
Temple:   nicolae_temple_slightly_damp_pantheon

Skill      XL: |  1  2  3  4  5  6  7  8  9 10 |
---------------+-------------------------------+-----
Unarmed Combat | 3 4 5 6 8 9 10 | 10.5
Fighting       | 3 4 5 6 |  6.6
Shields        | 3 4 6 |  6.4
Dodging        | 3 4 5 |  5.8

Action                   |  1- 3 |  4- 6 |  7- 9 | 10-12 || total
-------------------------+-------+-------+-------+-------++-------
Melee: Unarmed           |   106 |   157 |   334 |    39 ||   636
Throw: Dart              |       |     1 |     6 |     7 ||    14
Invok: Lunge             |       |       |     9 |     3 ||    12
       Whirlwind         |       |       |       |     5 ||     5
  Use: Potion            |       |       |     1 |     4 ||     5
       Scroll            |       |       |       |     7 ||     7
 Stab: Sleeping          |     1 |       |       |       ||     1
Armor: Robe              |    30 |    50 |    40 |       ||   120
       Steam dragon scal |       |       |    37 |    16 ||    53
Dodge: Dodged            |    30 |    61 |   109 |    12 ||   212
Block: Kite shield       |    29 |    65 |   111 |    24 ||   229

Table legend: (Time is in decaauts)
 A = Elapsed time spent in this place.
 B = Non-inter-level travel time spent in this place.
 C = Inter-level travel time spent in this place.
 D = Time resting spent in this place.
 E = Time spent auto-exploring this place.
 F = Levels seen in this place.
 G = Mean time per level.
                   A        B        C        D        E       F      G
               +--------+--------+--------+--------+--------+-----+--------+
         Total |   7456 |   6066 |   1390 |    947 |   3046 |  11 |  677.8 |
       Dungeon |   6988 |   5620 |   1368 |    937 |   2779 |   9 |  776.4 |
        Temple |    186 |    164 |     22 |      0 |    147 |   1 |  186.0 |
         Sewer |    280 |    280 |      0 |     10 |    120 |   1 |  280.0 |
               +--------+--------+--------+--------+--------+-----+--------+

Top non-repeatable levels by time:
     D:7: 1777 daAuts
     D:8: 940 daAuts
     D:3: 917 daAuts
     D:4: 842 daAuts
     D:1: 720 daAuts
     D:5: 615 daAuts
     D:6: 524 daAuts
     D:2: 464 daAuts
   Sewer: 280 daAuts
  Temple: 186 daAuts
     D:9: 185 daAuts
